 Dungeon Crawl Stone Soup version 0.31-a0-150-g89dc3ad700 (webtiles) character file.

Game seed: 6323205486677148487

2331 qw the Skirmisher (level 9, 0/57 HPs)
             Began as a Gargoyle Hunter on June 8, 2023.
             Was a Believer of Okawaru.
             Killed by divine providence
             ... invoked by an orc priest
              (13 damage)
             ... on level 7 of the Dungeon.
             The game lasted 00:02:13 (5080 turns).

qw the Skirmisher (Gargoyle Hunter)                 Turns: 5080, Time: 00:02:14

Health: 0/57       AC: 18    Str: 15    XL:     9   Next: 42%
Magic:  10/12      EV: 14    Int: 10    God:    Okawaru [**....]
Gold:   288        SH:  0    Dex: 17    Spells: 8/8 levels left

rFire   + . .        Y - +0 orcbow
rCold   . . .        (shield currently unavailable)
rNeg    + . .        l - +0 ring mail
rPois   inf          g - +1 helmet
rElec   +            n - +0 cloak
rCorr   .            k - +0 pair of gloves
SInv    .            (no boots)
Will    .....        b - amulet of regeneration
Stlth   +++          o - ring of protection from fire
HPRegen 1.09/turn    (no ring)
MPRegen 0.13/turn

%: no passive effects
@: heroic
A: sickness immunity, AC +6, negative energy resistance 1, electricity
resistance, torment resistance 1, petrification resistance
a: Renounce Religion, Heroism


You were on level 7 of the Dungeon.
You worshipped Okawaru.
Okawaru was pleased with you.
You visited 1 branch of the dungeon, and saw 7 of its levels.

You collected 288 gold pieces.


Innate Abilities, Weirdness & Mutations

You are immune to sickness and miasma.
Your stone body is resilient. (AC +6)
You are immune to poison.
You resist negative energy. (rN+)
You are resistant to electric shocks. (rElec)
You are resistant to unholy torment.
You are immune to petrification.


   Skills:
 - Level 7.0(12.0) Fighting
 + Level 10.1(15.1) Ranged Weapons
 - Level 3.0(8.0) Armour
 - Level 2.0(7.0) Dodging
 - Level 1.1(6.1) Stealth
 - Level 4.3 Invocations


You had 8 spell levels left.
You didn't know any spells.
Your spell library was empty.

Inventory:

Hand Weapons
 Y - a +0 orcbow (weapon)
Armour
 g - a +1 helmet (worn)
 k - a +0 pair of gloves (worn)
 l - a +0 ring mail (worn)
 n - a +0 cloak (worn)
Jewellery
 b - an amulet of regeneration (around neck)
 o - a ring of protection from fire (left hand)
Scrolls
 a - a scroll of identify
 p - 2 scrolls of teleportation
Potions
 d - a potion of might
 e - 2 potions of curing
 f - 3 potions of haste
 h - a potion of magic
 i - 3 potions of mutation
 j - 2 potions of heal wounds
 m - a potion of cancellation
 q - a potion of attraction {unknown}

Dungeon Overview and Level Annotations

Branches:
Dungeon (7/15)
 Temple: D:4-7

Altars:
Gozag
Kikubaaqudgha
Nemelex Xobeh
Okawaru
Trog
Xom
Zin

Shops:
D:7 (


Message History

Something hits you but does no damage.
You shoot an arrow.
The arrow closely misses the killer bee.
The arrow hits the kobold brigand.
The kobold brigand is heavily wounded.
The killer bee stings you. The orc hits you but does no damage.
The sky beast hits you but does no damage.
The killer bee stings you but does no damage.
The orc hits you but does no damage. The orc priest misses you.
Something hits you but does no damage.
You shoot an arrow. The arrow hits the killer bee!
The killer bee is heavily wounded.
The killer bee closely misses you.
You shoot an arrow.
The arrow closely misses the killer bee.
The arrow hits the kobold.
You kill the kobold!
Okawaru accepts your kill. The killer bee barely misses you.
The orc hits you with a +0 whip. The sky beast barely misses you.
The orc priest hits you with a +2 war axe of flaming!
The orc closely misses you. Something hits you but does no damage.
The killer bee stings you but does no damage.
You shoot an arrow. The arrow misses the killer bee.
The arrow hits the kobold!
You kill the kobold!
Okawaru accepts your kill.
The killer bee stings you but does no damage.
The orc barely misses you. The sky beast misses you. The orc barely misses you.
The orc priest looks satisfied for a moment.
Something hits you but does no damage.
You shoot an arrow. The arrow hits the killer bee.
The killer bee is severely wounded.
The killer bee misses you. The killer bee barely misses you.
The orc hits you with a +0 whip.
The sky beast flickers out of sight!
Something hits you but does no damage.
A two-headed ogre comes into view. It is wielding two +0 giant clubs.
The orc misses you.
The orc priest invokes the aid of Beogh against you.
Beogh smites you!
You die...

....... O...... ....
.... ..........)
#....##... ............
......#... .... o.)....
#........##... o)..#
#......#.#..####yy..#
...........# #o@{o.#..
...........###oo{......
#......##...fo......
##..................
##.....#..#.........
##......#>.#.......##
#.....#.#......##..#
###....##:>.........##
#....)...........#..#


You could see a two-headed ogre (wandering), a sleepcap, 2 killer bees, 2 orc
priests, an orc wizard and 4 orcs.

Vanquished Creatures
  A hornet (D:6)
  Sigmund (D:6)
  2 water moccasins
  4 black bears
  An ice beast (D:6)
  An ogre (D:5)
  3 centaurs (D:5)
  A phantom (D:4)
  A gnoll sergeant (D:6)
  A killer bee (D:7)
  A howler monkey (D:4)
  3 jellies
  3 hounds
  An orc priest (D:6)
  A gnoll bouda (D:6)
  4 iguanas
  3 sleepcaps
  2 orc wizards
  5 adders
  13 gnolls
  A white imp (D:5)
  A worm (D:3)
  3 dart slugs
  12 orcs
  5 ball pythons
  3 bats
  7 endoplasms
  A giant cockroach (D:2)
  9 goblins
  9 hobgoblins
  11 kobolds
  2 quokkas
  6 frilled lizards
  5 rats
127 creatures vanquished.

Notes
Turn   | Place    | Note
-------+----------+-------------------------------------------
     0 | D:1      | qw the Gargoyle Hunter began the quest for the Orb.
     0 | D:1      | Reached XP level 1. HP: 12/12 MP: 1/1
     0 | D:1      | 0 ||| qw: Version: 0.2-a-120-gdf1a93b
     0 | D:1      | 0 ||| qw: Game counter: 2966
     0 | D:1      | 0 ||| qw: Always use a shield: true
     0 | D:1      | 0 ||| qw: God list: Okawaru
     0 | D:1      | 0 ||| qw: Allow faded altars: false
     0 | D:1      | 0 ||| qw: Do Orc after D:15 true
     0 | D:1      | 0 ||| qw: Do second Lair branch before Depths: true
     0 | D:1      | 0 ||| qw: Lair rune preference: random
     0 | D:1      | 0 ||| qw: Plans: Normal
     0 | D:1      | 0 ||| PLANNING D:1-11
    55 | D:1      | Found a faded altar of an unknown god.
    96 | D:1      | Reached XP level 2. HP: 17/17 MP: 2/2
   376 | D:1      | Reached XP level 3. HP: 21/21 MP: 3/3
   524 | D:1      | Reached skill level 5 in Ranged Weapons
   611 | D:1      | 611 ||| UPGRADING to +1 helmet.
   616 | D:1      | 616 ||| UPGRADING to +0 pair of gloves.
   621 | D:1      | 621 ||| READING 3 scrolls labelled SUMUTE CIKHLOVALUI.
   622 | D:1      | 622 ||| READING scroll labelled DAUSUS GOPU.
   623 | D:1      | 623 ||| READING scroll labelled RUROAVV BIAD.
   624 | D:1      | 624 ||| DRINKING 2 red potions.
   625 | D:1      | 625 ||| READING 2 scrolls of identify.
   625 | D:1      | 625 ||| IDENTIFYING clear potion
   626 | D:1      | 626 ||| DROPPING scroll of butterflies.
   891 | D:2      | Reached skill level 3 in Fighting
   985 | D:2      | 985 ||| UPGRADING to amulet of regeneration.
   990 | D:2      | 990 ||| READING scroll labelled HIUHOJ DOLAWK.
   991 | D:2      | 991 ||| READING scroll labelled OGEFFO VUYLAOSS.
   992 | D:2      | 992 ||| DRINKING 2 viscous dark potions.
  1046 | D:3      | Found an ancient bone altar of Kikubaaqudgha.
  1047 | D:3      | 1047 ||| READING 3 scrolls labelled YPOPREI IMORE.
  1048 | D:3      | 1048 ||| DROPPING 2 scrolls of vulnerability.
  1049 | D:3      | Found a glowing silver altar of Zin.
  1097 | D:3      | Reached XP level 4. HP: 28/28 MP: 4/4
  1163 | D:3      | Reached skill level 1 in Armour
  1228 | D:3      | Found an iron altar of Okawaru.
  1229 | D:3      | 1229 ||| PLANNING OKAWARU WORSHIP
  1229 | D:3      | 1229 ||| READING scroll labelled FATWYCAFARR.
  1237 | D:3      | Became a worshipper of Warmaster Okawaru
  1237 | D:3      | 1237 ||| PLANNING D:1-11
  1456 | D:3      | Found a bloodstained altar of Trog.
  1808 | D:3      | 1808 ||| DROPPING amulet of guardian spirit.
  1809 | D:3      | 1809 ||| READING scroll labelled MOZXEO HIGO.
  1810 | D:3      | 1810 ||| DRINKING 2 golden potions.
  1811 | D:3      | 1811 ||| DROPPING potion of brilliance.
  1920 | D:4      | Noticed a phantom
  1934 | D:4      | Killed a phantom
  1935 | D:4      | Reached XP level 5. HP: 32/32 MP: 5/5
  1955 | D:4      | Reached skill level 6 in Ranged Weapons
  2006 | D:4      | Reached XP level 6. HP: 34/38 MP: 6/6
  2417 | D:4      | Reached * piety under Okawaru
  2691 | D:4      | 2691 ||| UPGRADING to +0 ring mail.
  2701 | D:4      | 2701 ||| DROPPING +0 leather armour.
  2702 | D:4      | 2702 ||| UPGRADING to +0 cloak.
  2707 | D:4      | 2707 ||| UPGRADING to ring of protection from fire.
  2708 | D:4      | 2708 ||| READING scroll labelled ASOONYXZUNE.
  2709 | D:4      | 2709 ||| READING 4 scrolls of identify.
  2709 | D:4      | 2709 ||| IDENTIFYING green potion
  2710 | D:4      | 2710 ||| READING 3 scrolls of identify.
  2710 | D:4      | 2710 ||| IDENTIFYING orange potion
  2711 | D:4      | 2711 ||| READING 2 scrolls of identify.
  2711 | D:4      | 2711 ||| IDENTIFYING bubbling green potion
  2746 | D:5      | Entered Level 5 of the Dungeon
  2788 | D:5      | 2788 ||| INVOKING Heroism.
  2800 | D:5      | 2800 ||| INVOKING Heroism.
  2803 | D:5      | Reached XP level 7. HP: 43/43 MP: 3/7
  2810 | D:5      | Reached skill level 7 in Ranged Weapons
  2813 | D:5      | 2813 ||| INVOKING Heroism.
  2867 | D:5      | 2867 ||| SWAPPING to +0 orcbow.
  2868 | D:5      | 2868 ||| DROPPING +1 shortbow.
  3052 | D:5      | 3052 ||| INVOKING Heroism.
  3058 | D:5      | Reached skill level 1 in Invocations
  3065 | D:5      | 3065 ||| INVOKING Heroism.
  3072 | D:5      | Reached skill level 8 in Ranged Weapons
  3327 | D:5      | Reached XP level 8. HP: 41/48 MP: 9/9
  3495 | D:5      | Found a shimmering altar of Xom.
  3506 | D:5      | Reached ** piety under Okawaru
  3507 | D:5      | Reached skill level 3 in Invocations
  3563 | D:5      | 3563 ||| DROPPING ring of magical power.
  3564 | D:5      | 3564 ||| READING scroll labelled JIUHUJ ISIRE.
  3612 | D:6      | 3612 ||| INVOKING Heroism.
  3656 | D:6      | Found a sparkling altar of Nemelex Xobeh.
  3671 | D:6      | Found an opulent altar of Gozag.
  3754 | D:6      | Noticed Sigmund
  3755 | D:6      | 3755 ||| INVOKING Heroism.
  3759 | D:6      | 3759 ||| DRINKING 2 potions of curing.
  3759 | D:6      | 3759 ||| (to cure confusion)
  3760 | D:6      | Killed Sigmund
  4022 | D:6      | 4022 ||| INVOKING Heroism.
  4052 | D:6      | 4052 ||| INVOKING Heroism.
  4056 | D:6      | Reached skill level 9 in Ranged Weapons
  4115 | D:6      | Reached skill level 3 in Armour
  4390 | D:6      | Reached skill level 6 in Fighting
  4390 | D:6      | Reached XP level 9. HP: 45/55 MP: 12/12
  4390 | D:6      | 4390 ||| FLEEEEING.
  4391 | D:6      | 4391 ||| FLEEEEING.
  4392 | D:6      | 4392 ||| FLEEEEING.
  4393 | D:6      | 4393 ||| FLEEEEING.
  4562 | D:6      | 4562 ||| INVOKING Heroism.
  4848 | D:6      | 4848 ||| READING 3 scrolls labelled IGGALE VEFUY.
  4851 | D:6      | 4851 ||| READING 3 scrolls of identify.
  4851 | D:6      | 4851 ||| IDENTIFYING purple potion
  4852 | D:6      | 4852 ||| READING 2 scrolls of identify.
  4852 | D:6      | 4852 ||| IDENTIFYING metallic sapphire potion
  4853 | D:6      | 4853 ||| DROPPING potion of enlightenment.
  4885 | D:7      | Noticed a hornet
  4885 | D:7      | Found Ruckim's Antique Weapon Boutique.
  4893 | D:7      | 4893 ||| INVOKING Heroism.
  4904 | D:7      | 4904 ||| STAIRDANCE
  4908 | D:6      | Killed a hornet
  4909 | D:6      | Reached skill level 10 in Ranged Weapons
  4952 | D:7      | 4952 ||| STAIRDANCE
  4979 | D:7      | 4979 ||| STAIRDANCE
  5001 | D:7      | 5001 ||| STAIRDANCE
  5021 | D:7      | 5021 ||| SHOPLISTING pitted arbalest (285 gold, have 276).
  5040 | D:7      | 5040 ||| INVOKING Heroism.
  5073 | D:7      | 5073 ||| INVOKING Heroism.
  5080 | D:7      | HP: 13/57 [orc/+0 whip (5)]
  5080 | D:7      | Noticed a two-headed ogre
  5080 | D:7      | Killed from afar by an orc priest

Levels and vault maps discovered:
D:1:      minmay_arrival_arboretum_large, layout_basic,
          shapermc_ecumenical_altar_notcrosses
D:2:      layout_rooms, minmay_misc_feat_tiny
D:3:      layout_loops_corners, mainiacjoe_overflow_paths, okawaru_gym_becter,
          jmf_multi_god_temple, kennysheep_minor_cross
D:4:      layout_basic
D:5:      cheibrodos_helix_gallery, layout_loops_ring,
          mainiacjoe_overflow_small_starburst, minmay_fractal_squares_5
D:6:      layout_basic, nicolae_gozag_seed_capital,
          nemelex_diamond_rough_becter, uniq_sigmund
D:7:      layout_cave_pools, minmay_temple_entry_nine_rooms, serial_shops, shop,
          uniq_crazy_yiuf_cottage

Skill      XL: |  1  2  3  4  5  6  7  8  9 |
---------------+----------------------------+-----
Ranged Weapons | 5 6 8 9 10 | 10.1
Fighting       | 3 4 6 7 |  7.0
Armour         | 1 2 3 |  3.0
Invocations    | 2 4 |  4.3
Dodging        | 2 |  2.0
Stealth        | |  1.1

Action                     |  1- 3 |  4- 6 |  7- 9 || total
---------------------------+-------+-------+-------++-------
   Fire: Shortbow          |    98 |   109 |    17 ||   224
         Orcbow            |       |       |   306 ||   306
 Invoke: Heroism           |       |     2 |    11 ||    13
    Use: Scroll            |     7 |     6 |     4 ||    17
         Potion            |     2 |     1 |     1 ||     4
 Armour: Leather armour    |     5 |    23 |       ||    28
         Ring mail         |       |     3 |   178 ||   181
  Dodge: Dodged            |     6 |    41 |   260 ||   307

Table legend:
 A = Non-vault XP
 B = Vault XP
 C = Vault XP percentage of total XP
 D = Non-vault monster count
 E = Vault monster count
 F = Vault count percentage of total count
                 A         B        C        D         E       F
            +---------+---------+-------+---------+---------+-------
      Total |    2727 |     604 |  18.1 |     116 |      11 |   8.7
            +---------+---------+-------+---------+---------+-------
        D:1 |      39 |       0 |   0.0 |      19 |       0 |   0.0
        D:2 |      36 |       0 |   0.0 |      20 |       0 |   0.0
        D:3 |      19 |       3 |  13.6 |      10 |       2 |  16.7
        D:4 |     333 |       0 |   0.0 |      17 |       0 |   0.0
        D:5 |     648 |     354 |  35.3 |      10 |       8 |  44.4
        D:6 |    1388 |     247 |  15.1 |      33 |       1 |   2.9
        D:7 |     264 |       0 |   0.0 |       7 |       0 |   0.0
            +---------+---------+-------+---------+---------+-------
